[ AOE2 MATCH · #504690734 ]
UnrankedMalians vs Gurjaras
Player's team · WIN
Rival team · LOSS
[ REPLAY ANALYSIS · EXTRACTED FROM THE RECORDED GAME ]
Feudal
8:51
Castle
—
Imperial
—
| APM avg | 60.3 |
| APM peak | 85 |
| eAPM avg | 24.6 |
| Villagers / military | 36 / 8 |
Focus
⚔️ 43.0% · 🌾 57.0%
Militia ×5 · Archer ×2 · Spearman ×1
Feudal
8:26
Castle
—
Imperial
—
| APM avg | 68.6 |
| APM peak | 96 |
| eAPM avg | 29.7 |
| Villagers / military | 45 / 9 |
Focus
⚔️ 38.5% · 🌾 61.5%
Scout Cavalry ×5 · Skirmisher ×4
Match map
Initial resources + every placement click. Lines = walls · curves = elevation contours. ◆ gold · ⬟ stone · ● berries · ✦ relic · ◌ wall gap
Your base· Open — unwalled flank
jsemosoom's base· Open — unwalled flank
Smoothed initial terrain · ◌ = detected wall gap · hover for details
Inputs per minute
— Dennis哥 - - jsemosoom
Build order — Dennis哥
84 actions detected in the replay
| 0:00 | Create | Villager (Male) ×4 |
| 0:01 | Build | House |
| 0:02 | Build | House |
| 1:24 | Create | Villager (Male) |
| 1:48 | Build | Lumber Camp |
| 1:57 | Create | Villager (Male) |
| 2:15 | Create | Villager (Male) |
| 2:46 | Create | Villager (Male) |
| 3:12 | Create | Villager (Male) |
| 3:12 | Create | Villager (Male) |
| 3:36 | Create | Villager (Male) |
| 3:36 | Create | Villager (Male) |
| 3:50 | Build | House |
| 4:19 | Build | House |
| 4:31 | Create | Villager (Male) |
| 4:32 | Create | Villager (Male) |
| 4:32 | Create | Villager (Male) |
| 4:38 | Build | Barracks |
| 5:01 | Create | Villager (Male) |
| 5:02 | Create | Villager (Male) |
| 5:02 | Create | Villager (Male) |
| 5:23 | Research | Loom |
| 6:19 | Build | Mining Camp |
| 6:37 | Research | Feudal Age |
| 6:37 | Research | Feudal Age |
| 6:58 | Create | Militia |
| 6:58 | Create | Militia |
| 7:03 | Build | House |
| 7:37 | Build | Mining Camp |
| 7:43 | Create | Militia |
| 7:49 | Create | Militia |
| 8:16 | Build | House |
| 8:28 | Create | Villager (Male) |
| 8:51 | Age | Feudal Age |
| 9:03 | Research | Man-at-Arms (upgrade) |
| 9:03 | Research | Man-at-Arms (upgrade) |
| 9:14 | Build | Watch Tower |
| 9:20 | Create | Villager (Male) |
| 9:49 | Create | Villager (Male) |
| 9:51 | Build | Mill |
| 10:11 | Create | Villager (Male) |
| 10:33 | Build | Archery Range |
| 10:39 | Build | Watch Tower |
| 10:47 | Create | Villager (Male) |
| 10:47 | Create | Villager (Male) |
| 11:07 | Create | Villager (Male) |
| 11:15 | Build | Farm |
| 11:16 | Build | Farm |
| 11:29 | Build | House |
| 11:38 | Create | Villager (Male) |
| 11:40 | Build | Farm |
| 12:12 | Build | Watch Tower |
| 12:15 | Create | Villager (Male) |
| 12:18 | Build | Blacksmith |
| 12:28 | Create | Villager (Male) |
| 12:33 | Create | Archer |
| 12:36 | Build | House |
| 12:44 | Build | Farm |
| 12:51 | Create | Villager (Male) |
| 12:52 | Build | Palisade Wall |
| 12:53 | Build | Palisade Wall |
| 12:57 | Build | Palisade Wall |
| 12:57 | Build | Palisade Wall |
| 12:58 | Build | Palisade Wall |
| 13:05 | Build | Palisade Wall |
| 13:18 | Create | Villager (Male) |
| 13:21 | Create | Spearman |
| 13:29 | Build | Farm |
| 13:30 | Build | Farm |
| 13:42 | Build | Watch Tower |
| 13:53 | Build | Farm |
| 14:07 | Create | Archer |
| 14:08 | Create | Villager (Male) |
| 14:12 | Build | Farm |
| 14:22 | Create | Villager (Male) |
| 14:35 | Create | Villager (Male) |
| 14:46 | Create | Villager (Male) |
| 14:56 | Research | Fletching |
| 14:56 | Research | Fletching |
| 15:12 | Build | Farm |
| 15:14 | Build | Farm |
| 15:18 | Create | Militia |
| 15:32 | Create | Villager (Male) |
| 15:45 | Create | Villager (Male) |
Build order — jsemosoom
97 actions detected in the replay
| 0:00 | Create | Villager (Male) |
| 0:01 | Create | Villager (Male) |
| 0:01 | Create | Villager (Male) |
| 0:02 | Build | House |
| 0:03 | Build | House |
| 0:18 | Create | Villager (Male) |
| 0:18 | Create | Villager (Male) |
| 0:47 | Build | Mill |
| 1:32 | Create | Villager (Male) |
| 1:32 | Create | Villager (Male) |
| 2:01 | Create | Villager (Male) |
| 2:20 | Create | Villager (Male) |
| 2:21 | Create | Villager (Male) |
| 2:39 | Build | House |
| 2:48 | Create | Villager (Male) |
| 2:48 | Create | Villager (Male) |
| 2:58 | Create | Villager (Male) |
| 3:20 | Create | Villager (Male) |
| 3:57 | Build | Lumber Camp |
| 4:03 | Create | Villager (Male) |
| 4:06 | Create | Villager (Male) |
| 4:25 | Create | Villager (Male) |
| 4:44 | Create | Villager (Male) |
| 5:27 | Research | Loom |
| 5:27 | Research | Loom |
| 6:16 | Research | Feudal Age |
| 6:33 | Create | Villager (Male) |
| 6:48 | Build | House |
| 7:13 | Build | Barracks |
| 7:41 | Build | Palisade Wall |
| 7:45 | Build | Palisade Wall |
| 7:46 | Build | Palisade Wall |
| 8:02 | Build | Palisade Wall |
| 8:05 | Build | Palisade Wall |
| 8:12 | Build | Palisade Wall |
| 8:14 | Build | Palisade Wall |
| 8:15 | Build | Palisade Wall |
| 8:21 | Create | Villager (Male) |
| 8:26 | Age | Feudal Age |
| 8:49 | Build | Stable |
| 9:03 | Create | Villager (Male) |
| 9:29 | Create | Scout Cavalry |
| 9:31 | Create | Villager (Male) |
| 9:43 | Build | Farm |
| 9:44 | Create | Villager (Male) |
| 9:51 | Build | House |
| 9:57 | Build | Farm |
| 10:00 | Create | Villager (Male) |
| 10:05 | Create | Scout Cavalry |
| 10:12 | Create | Villager (Male) |
| 10:17 | Build | Palisade Wall |
| 10:20 | Build | House |
| 10:26 | Create | Villager (Male) |
| 10:31 | Create | Scout Cavalry |
| 10:39 | Build | House |
| 10:46 | Create | Villager (Male) |
| 10:47 | Create | Villager (Male) |
| 10:47 | Create | Villager (Male) |
| 10:47 | Create | Villager (Male) |
| 10:47 | Create | Villager (Male) |
| 10:48 | Create | Villager (Male) |
| 10:48 | Create | Villager (Male) |
| 11:28 | Build | House |
| 11:34 | Build | Archery Range |
| 11:37 | Create | Scout Cavalry |
| 12:00 | Create | Villager (Male) |
| 12:00 | Create | Villager (Male) |
| 12:07 | Build | House |
| 12:13 | Build | Palisade Wall |
| 12:16 | Build | House |
| 12:19 | Build | Palisade Wall |
| 12:23 | Create | Scout Cavalry |
| 12:37 | Create | Skirmisher |
| 12:39 | Create | Villager (Male) |
| 12:55 | Build | House |
| 12:56 | Build | Palisade Wall |
| 13:00 | Create | Villager (Male) |
| 13:28 | Create | Villager (Male) |
| 13:33 | Build | Farm |
| 13:46 | Build | House |
| 13:58 | Create | Villager (Male) |
| 14:08 | Build | Farm |
| 14:09 | Build | Farm |
| 14:17 | Create | Skirmisher |
| 14:17 | Create | Skirmisher |
| 14:27 | Create | Villager (Male) |
| 14:28 | Build | Farm |
| 14:36 | Build | Farm |
| 14:37 | Create | Villager (Male) |
| 14:40 | Create | Villager (Male) |
| 14:43 | Create | Villager (Male) |
| 14:58 | Create | Villager (Male) |
| 14:58 | Create | Villager (Male) |
| 15:02 | Create | Skirmisher |
| 15:20 | Build | House |
| 15:22 | Build | House |
| 15:23 | Build | Palisade Wall |
Match timeline
| 4:38 | Dennis哥 · first_building Barracks |
| 7:13 | jsemosoom · first_building Barracks |
| 7:41 | jsemosoom · wall_segment Palisade Wall x2 |
| 7:45 | jsemosoom · wall_segment Palisade Wall x10 |
| 7:46 | jsemosoom · wall_segment Palisade Wall x1 |
| 8:02 | jsemosoom · wall_segment Palisade Wall x2 |
| 8:05 | jsemosoom · wall_segment Palisade Wall x1 |
| 8:12 | jsemosoom · wall_segment Palisade Wall x1 |
| 8:14 | jsemosoom · wall_segment Palisade Wall x1 |
| 8:15 | jsemosoom · wall_segment Palisade Wall x1 |
| 8:26 | jsemosoom · age_up feudal |
| 8:49 | jsemosoom · first_building Stable |
| 8:51 | Dennis哥 · age_up feudal |
| 10:17 | jsemosoom · wall_segment Palisade Wall x5 |
| 10:33 | Dennis哥 · first_building Archery Range |
| 11:34 | jsemosoom · first_building Archery Range |
| 12:13 | jsemosoom · wall_segment Palisade Wall x6 |
| 12:19 | jsemosoom · wall_segment Palisade Wall x6 |
| 12:52 | Dennis哥 · wall_segment Palisade Wall x1 |
| 12:53 | Dennis哥 · wall_segment Palisade Wall x1 |
| 12:56 | jsemosoom · wall_segment Palisade Wall x1 |
| 12:57 | Dennis哥 · wall_segment Palisade Wall x1 |
| 12:57 | Dennis哥 · wall_segment Palisade Wall x1 |
| 12:58 | Dennis哥 · wall_segment Palisade Wall x1 |
| 13:05 | Dennis哥 · wall_segment Palisade Wall x1 |
| 15:23 | jsemosoom · wall_segment Palisade Wall x1 |
| 16:00 | jsemosoom · resign |
[ AI ANALYSIS · 1 CREDIT ]
What really happened in this match?
Wolo.gg analyzes every decision: build order, eco, micro, common mistakes by bracket. Personalized analysis on WhatsApp or Discord in 30 seconds.
Civ guide
Malians
Perfil
Jugador #2912198